[Event "*** SCC Grand Prix: Titled Tuesday Blitz"]
[Site "Chess.com"]
[Date "2020.06.23"]
[Round "5"]
[White "blitzking1729"]
[Black "Omk124"]
[Result "1-0"]
[WhiteElo "2572"]
[BlackElo "2381"]
[TimeControl "180+1"]
[EndTime "10:56:40 PDT"]
[Termination "blitzking1729 won by resignation"]

1. d4 Nf6 2. Bg5 d5 3. Nd2 Nbd7 4. Ngf3 e6 5. e3 Be7 6. Bd3 O-O 7. O-O b6 8. c4 Bb7 9. cxd5 exd5 10. Qc2 Rc8 11.
Ne5 h6 12. Bxf6 Nxf6 13. Bf5 Rb8 14. Rac1 c5 15. dxc5 bxc5 16. Nb3 Qc7 17. Ng4 Nxg4 18. Bxg4 Bd6 19. h3 c4 20. Nd4 Be5 21. Rfd1 Qb6 22. Bf3 Ba8 23. Rb1 Rfc8 24. Nf5 Qe6 25. Bxd5 Bxd5 26.
Rxd5 Bxb2 27. Rxb2 Rxb2 28. Qxb2 c3 29. Qc2 g6 30. Nxh6+ Kh7 31. Ng4 f5 32. Rd7+ Kh8 33. Rd3 fxg4 34. Rxc3 Rb8 35. hxg4 Qxg4 36. Rc4 Qh5 37. g3 Rd8 38. Rh4 Rd1+ 39. Kg2 1-0

[Event "*** SCC Grand Prix: Titled Tuesday Blitz"]
[Site "Chess.com"]
[Date "2020.06.23"]
[Round "5"]
[White "Love_craft"]
[Black "felipelobo"]
[Result "1-0"]
[WhiteElo "2439"]
[BlackElo "2115"]
[TimeControl "180+1"]
[EndTime "10:56:40 PDT"]
[Termination "Love_craft won on time"]

1. Nf3 d5 2. g3 Bf5 3. Bg2 e6 4. O-O Nf6 5. d3 h6 6. Nc3 Be7 7. Nd2 Bh7 8. e4 O-O 9. e5 Nfd7 10.
f4 c5 11. Nf3 Nc6 12. Ne2 Rc8 13. g4 b5 14. Ng3 b4 15. Qe2 a5 16. f5 Bh4 17. f6 Bxg3 18. fxg7 Bxh2+ 19. Kxh2 Kxg7 20. Qe3 Rh8 21. Bd2 Bg6 22. Rae1 Nd4 23. Nxd4 Qh4+ 24.
Kg1 cxd4 25. Qxd4 Rxc2 26. Re2 Rhc8 27. Ref2 Qg3 28. Bf4 Qh4 29. Be3 Rxf2 30. Rxf2 Rc6 31. Qf4 Rc7 32. Bf1 Rc6 33. Rh2 1-0

[Event "*** SCC Grand Prix: Titled Tuesday Blitz"]
[Site "Chess.com"]
[Date "2020.06.23"]
[Round "5"]
[White "elohunter1999"]
[Black "Julianos82"]
[Result "1-0"]
[WhiteElo "2467"]
[BlackElo "2236"]
[TimeControl "180+1"]
[EndTime "10:56:40 PDT"]
[Termination "elohunter1999 won by resignation"]

1. e4 c5 2. Nf3 b6 3. d4 cxd4 4. Nxd4 Bb7 5. Nc3 a6 6. Be3 e6 7.
Qd2 Qc7 8. f3 Bb4 9. Nde2 Nf6 10. O-O-O Nc6 11. a3 Be7 12. Bf4 e5 13. Bg5 Na5 14. Ng3 h6 15. Bxf6 Bxf6 16. Kb1 O-O 17. Qxd7 Qxd7 18. Rxd7 Rfd8 19. Rxd8+ Rxd8 20. Be2 b5 21. Rd1 Rxd1+ 22. Nxd1 g6 23. Nf1 Bg5 24. Nfe3 Kf8 25.
c3 Ke7 26. b4 Nc6 27. Nd5+ Kd6 28. c4 bxc4 29. Bxc4 Nd4 30. N1c3 Bd2 31. Kb2 Bxc3+ 32. Nxc3 f5 33. a4 h5 34. h4 f4 35. Bf7 g5 36.
hxg5 h4 37. Bh5 Ke6 38. b5 a5 39. Nd5 Bxd5 40. Bg4+ Kd6 41. exd5 Kxd5 42. g6 Ne6 43. Bxe6+ Kxe6 44. b6 h3 45. gxh3 1-0

[Event "*** SCC Grand Prix: Titled Tuesday Blitz"]
[Site "Chess.com"]
[Date "2020.06.23"]
[Round "5"]
[White "Beca95"]
[Black "GigaQuparadze"]
[Result "1-0"]
[WhiteElo "2898"]
[BlackElo "2824"]
[TimeControl "180+1"]
[EndTime "10:56:41 PDT"]
[Termination "Beca95 won by resignation"]

1. d4 Nf6 2. c4 e6 3. Nc3 Bb4 4. Qc2 O-O 5. Bg5 c5 6. e3 h6 7. Bh4 Nc6 8. Nf3 cxd4 9. exd4 d5 10. a3 Be7 11. O-O-O dxc4 12. Bxc4 Nd5 13. Bg3 Nxc3 14.
Qxc3 Bd7 15. Kb1 Rc8 16. Qe3 Na5 17. Ba2 Nc4 18. Bxc4 Rxc4 19. d5 exd5 20. Rxd5 Qe8 21. Qb3 Rc8 22. Nd4 Bf6 23. f3 Ba4 24. Qxb7 Qe3 25. Qb4 Qd3+ 26. Ka1 Rc4 27. Qxf8+ Kh7 28. Be5 Bd1 29. Rc5 Rxd4 30. Bxf6 gxf6 31. Qxf7+ Kh8 32. Rc8+ 1-0

[Event "*** SCC Grand Prix: Titled Tuesday Blitz"]
[Site "Chess.com"]
[Date "2020.06.23"]
[Round "5"]
[White "mbachez"]
[Black "AlexOstrovskiy"]
[Result "0-1"]
[WhiteElo "2431"]
[BlackElo "2713"]
[TimeControl "180+1"]
[EndTime "10:56:41 PDT"]
[Termination "AlexOstrovskiy won by resignation"]

1. e4 c6 2. d4 d5 3. e5 c5 4. Nf3 Bg4 5. c4 cxd4 6. Qxd4 Bxf3 7. gxf3 Nc6 8. Qxd5 Qc7 9. Bf4 e6 10. Qe4 O-O-O 11. Nc3 Bb4 12. Be2 Nge7 13. O-O Rd4 14. Qe3 Nf5 15. Qc1 Bxc3 16. bxc3 Rd7 17. Rb1 Rhd8 18.
c5 Rd5 19. Qa3 g5 20. Bg3 h5 21. Ba6 bxa6 22. Qxa6+ Kd7 23. Rb7 h4 24. Kg2 Rb8 25.
Rxc7+ Kxc7 26. c4 Rd4 27. Re1 Rb2 28. Qa3 Rdd2 29. Kh3 hxg3 30. hxg3 Rxf2 31. Rd1 Nh6 32. Rh1 Rxa2 33. Qe3 g4+ 34. fxg4 Rh2+ 35. Rxh2 Rxh2+ 0-1

[Event "*** SCC Grand Prix: Titled Tuesday Blitz"]
[Site "Chess.com"]
[Date "2020.06.23"]
[Round "5"]
[White "Canairez"]
[Black "NormWeinstein"]
[Result "1-0"]
[WhiteElo "2362"]
[BlackElo "2505"]
[TimeControl "180+1"]
[EndTime "10:56:42 PDT"]
[Termination "Canairez won by resignation"]

1. c4 c5 2. Nf3 Nf6 3. e3 e6 4. d4 d5 5. Nc3 Nc6 6. a3 a6 7. dxc5 Bxc5 8. b4 Ba7 9. Bb2 O-O 10. Qc2 Qe7 11. Rd1 Rd8 12. Be2 dxc4 13. Rxd8+ Qxd8 14. Bxc4 b5 15. Bd3 Bb7 16. O-O Rc8 17. Rd1 Qe7 18.
Qb1 h6 19. Ne4 Nd5 20. h3 Rd8 21. Qa1 f6 22. Ng3 Nc7 23. Qb1 Rd7 24. Nh5 Qd8 25. Bh7+ Kh8 26. Rxd7 Qxd7 27. Nh4 Ne7 28. Nxf6 Qd6 29.
Bg8 Nf5 30. Nxf5 Qc6 31. f3 Nd5 32. Nd4 Nxf6 33. Nxc6 Bxe3+ 34. Kh2 Bxc6 35. Bxf6 Kxg8 36. Qg6 Bf4+ 37. g3 1-0

[Event "*** SCC Grand Prix: Titled Tuesday Blitz"]
[Site "Chess.com"]
[Date "2020.06.23"]
[Round "5"]
[White "tigra"]
[Black "PlayChessSimple"]
[Result "1-0"]
[WhiteElo "2783"]
[BlackElo "2535"]
[TimeControl "180+1"]
[EndTime "10:56:43 PDT"]
[Termination "tigra won on time"]

1. e4 e6 2. d4 d5 3. Nc3 Nf6 4. Bg5 Bb4 5. e5 h6 6. Bc1 Nfd7 7. Qg4 Bf8 8. Nf3 a6 9. Bf4 c5 10. dxc5 Nc6 11. O-O-O Nxc5 12. Kb1 Bd7 13. h4 b5 14. Bd3 Na4 15. Nxa4 bxa4 16. Bc1 a3 17. b3 Qa5 18.
h5 Rc8 19. Rh4 Qb6 20. Qf4 Nb4 21. Nd4 Nxd3 22. Rxd3 Qc7 23. Rg4 Bb5 24. Rd2 Be7 25. Rxg7 Bg5 26. Rxg5 hxg5 27. Qxg5 Qc3 28. Bxa3 Rc7 29.
h6 Kd7 30. Bb2 Rg8 31. Qxg8 Qxd2 32. Qxf7+ Kc8 33. Qxe6+ Kb8 34. Qb6+ Kc8 35. a4 Rxc2 36. Nxc2 1-0

[Event "*** SCC Grand Prix: Titled Tuesday Blitz"]
[Site "Chess.com"]
[Date "2020.06.23"]
[Round "5"]
[White "Marcin"]
[Black "verdest"]
[Result "0-1"]
[WhiteElo "2384"]
[BlackElo "2551"]
[TimeControl "180+1"]
[EndTime "10:56:43 PDT"]
[Termination "verdest won by resignation"]

1. d4 Nf6 2. c4 e6 3. Nf3 d5 4. Nc3 Bb4 5. cxd5 exd5 6. Bg5 h6 7. Bh4 O-O 8. e3 Bf5 9. Be2 Nbd7 10. O-O c6 11. Ne5 Be7 12. f4 Ne4 13. Bxe7 Qxe7 14. Bd3 Nxc3 15. bxc3 Nxe5 16. fxe5 Bxd3 17. Qxd3 f6 18.
exf6 Rxf6 19. Rxf6 Qxf6 20. Rf1 Qe6 21. Rf3 Re8 22.
Kf2 Qd6 23. h3 Qe6 24. a4 a5 25. Qb1 Re7 26. Qb6 Qe4 27. Qxa5 Qc2+ 28. Kg1 Re6 29.
Qc7 Rg6 30. Qf7+ Kh7 31. Rf2 Qxc3 32. Qxb7 Qxe3 33. Qxc6 Qe1+ 34. Rf1 Qe3+ 35. Rf2 Rxc6 0-1

[Event "*** SCC Grand Prix: Titled Tuesday Blitz"]
[Site "Chess.com"]
[Date "2020.06.23"]
[Round "5"]
[White "winniethepooh04"]
[Black "Playgood28"]
[Result "0-1"]
[WhiteElo "1196"]
[BlackElo "2267"]
[TimeControl "180+1"]
[EndTime "10:56:43 PDT"]
[Termination "Playgood28 won by resignation"]

1. e4 e5 2. Nf3 d6 3. d4 exd4 4. Nxd4 Nf6 5. Nc3 Be7 6. Bc4 O-O 7. O-O Nxe4 8. Bxf7+ Rxf7 9. Nxe4 d5 10. Nc3 c6 11. h3 Bf6 12. Nf3 Na6 13. Be3 Qf8 14. Bd4 Bxd4 15. Nxd4 Nc5 16. Qe2 Bd7 17. Rae1 Re8 18.
Qd2 Rfe7 19. Rxe7 Qxe7 20. Nf3 h6 21. Re1 Qf8 22. Rxe8 Qxe8 23. Qd4 b6 24. Ne5 Bf5 25. b4 Ne6 26. Qd2 d4 27. Ne2 c5 28. Ng3 Bh7 29. f4 Qf8 30. Ne2 Qf5 31. c3 d3 32. Ng3 Qxf4 33. Nf1 Qxe5 34. Ne3 cxb4 35. cxb4 Bg6 36.
Qc1 Kh7 37. Ng4 Qd4+ 38. Kh2 d2 0-1

[Event "*** SCC Grand Prix: Titled Tuesday Blitz"]
[Site "Chess.com"]
[Date "2020.06.23"]
[Round "5"]
[White "Angel_Hranitel_37"]
[Black "Rodalquilar"]
[Result "0-1"]
[WhiteElo "2426"]
[BlackElo "2633"]
[TimeControl "180+1"]
[EndTime "10:56:44 PDT"]
[Termination "Rodalquilar won by checkmate"]

1. d4 Nf6 2. Nf3 d5 3. c4 e6 4. g3 dxc4 5. Bg2 Nc6 6. Qa4 Nd7 7. Qxc4 Nb6 8. Qd3 e5 9. Nxe5 Nb4 10. Qd1 Qxd4 11.
Qxd4 Nc2+ 12. Kd1 Nxd4 13. Be3 Nf5 14. Bxb6 axb6 15. Nc3 Be6 16. Bxb7 Rd8+ 17. Kc1 Bc5 18. Bc6+ Ke7 19. Nd3 Bd4 20. Nb5 Bf6 21. g4 Nd4 22.
Nxd4 Rxd4 23. Bf3 Rhd8 24. h3 c5 25. a4 Bb3 26. a5 c4 27. Ra3 bxa5 28. Kb1 a4 29. Nc1 Rd2 30. Rxb3 axb3 31. Nd3 cxd3 32. exd3 Rxb2+ 33. Kc1 Rxd3 34. Re1+ Kf8 35. Re4 Rxf3 36. Ra4 Rfxf2 37. g5 Rf1# 0-1

[Event "*** SCC Grand Prix: Titled Tuesday Blitz"]
[Site "Chess.com"]
[Date "2020.06.23"]
[Round "5"]
[White "OparinGrigoriy"]
[Black "Karateloru"]
[Result "0-1"]
[WhiteElo "2886"]
[BlackElo "2633"]
[TimeControl "180+1"]
[EndTime "10:56:45 PDT"]
[Termination "Karateloru won by checkmate"]

1. d4 e6 2. c4 g6 3. Nf3 Bg7 4. g3 Ne7 5. Bg2 d5 6. O-O O-O 7.
Nc3 dxc4 8. e4 Nbc6 9. Be3 a6 10. a4 b6 11. Qe2 Nxd4 12. Nxd4 Bxd4 13. e5 Ra7 14.
Rfd1 c5 15. Ne4 Qc7 16. Nf6+ Kh8 17. Bxd4 cxd4 18. Rxd4 Ng8 19. Qe3 Qe7 20. Qg5 Qc5 21. Rh4 Nxf6 22. Qxf6+ Kg8 23. Re1 Rd7 24. Qg5 f5 25.
Qf4 b5 26. axb5 axb5 27. Qc1 Rfd8 28. Rf4 Qb4 29. Bf1 Qd2 30. Qa1 Bb7 31. h4 Qd5 32. f3 Qc5+ 33. Kh2 Rd2+ 34. Bg2 Qf2 35. Rg1 Bxf3 36. Rxf3 Qxf3 37. Qa6 Qd5 38. Qa7 Qxe5 39. Qe7 f4 40. Rf1 Rxg2+ 41. Kxg2 Rd2+ 42. Kh3 Qf5+ 43. g4 Qd3+ 44. Rf3 Qxf3# 0-1

[Event "*** SCC Grand Prix: Titled Tuesday Blitz"]
[Site "Chess.com"]
[Date "2020.06.23"]
[Round "5"]
[White "Arman_Hakemi"]
[Black "elamier"]
[Result "1-0"]
[WhiteElo "2584"]
[BlackElo "2327"]
[TimeControl "180+1"]
[EndTime "10:56:45 PDT"]
[Termination "Arman_Hakemi won by resignation"]

1. b4 d5 2. Bb2 c6 3. e3 Qb6 4.
a3 a5 5. b5 cxb5 6. Nc3 e6 7.
Bxb5+ Bd7 8. a4 Bxb5 9. Nxb5 Nc6 10. Nf3 Nf6 11. O-O Be7 12. d4 O-O 13. Rc1 Na7 14. Nxa7 Rxa7 15. Rb1 Qc6 16. Ne5 Qxa4 17. Bc3 Qe8 18. Rb6 Nd7 19. Nxd7 Qxd7 20. Qa1 Rc8 21.
Rc1 Qc7 22. Bxa5 Rca8 23. Qc3 Bd8 24. Rxe6 Qd7 25. Bxd8 Qxe6 26. Bh4 Qc6 27. Qe1 h6 28. c3 Ra2 29. h3 Qc4 30. Bg3 Qe2 31. Qxe2 Rxe2 32.
c4 dxc4 33. Rxc4 Rb2 34. d5 b5 35. Rc7 f5 36. Be5 g5 37. Bxb2 1-0

[Event "*** SCC Grand Prix: Titled Tuesday Blitz"]
[Site "Chess.com"]
[Date "2020.06.23"]
[Round "5"]
[White "ZEN-22"]
[Black "PavelShkapenko"]
[Result "0-1"]
[WhiteElo "2439"]
[BlackElo "2657"]
[TimeControl "180+1"]
[EndTime "10:56:45 PDT"]
[Termination "PavelShkapenko won on time"]

1. e4 c5 2. b4 cxb4 3. a3 b3 4.
cxb3 d5 5. exd5 Nf6 6. Nc3 Nxd5 7.
Bb2 Nc6 8. Nf3 e6 9. Nxd5 Qxd5 10. Bc4 Qe4+ 11. Be2 Be7 12. O-O O-O 13. Re1 Qg6 14. d4 Bf6 15. Bd3 Qh5 16. Re4 Rd8 17. Qe2 Bd7 18.
Rd1 Be8 19. Rf4 Ne7 20. g4 Qh6 21. Bc1 Nd5 22. Rxf6 Qxf6 23. Bg5 Nf4 24. Qe3 Nh3+ 25. Kg2 Nxg5 26. Nxg5 h6 27. Nf3 Bc6 28. Be4 Bxe4 29. Qxe4 Rd5 30. h4 Rad8 31. Rd3 g6 32. Rc3 h5 33.
gxh5 Rxh5 34. Qxb7 Qf4 35. Rc4 Qg4+ 36. Kf1 Rhd5 37.
Ne5 Qf5 38. Rc3 Rxd4 39. Rf3 Rf4 0-1

[Event "*** SCC Grand Prix: Titled Tuesday Blitz"]
[Site "Chess.com"]
[Date "2020.06.23"]
[Round "5"]
[White "Azatic"]
[Black "killer311"]
[Result "0-1"]
[WhiteElo "2552"]
[BlackElo "2415"]
[TimeControl "180+1"]
[EndTime "10:56:45 PDT"]
[Termination "killer311 won by checkmate"]

1. e4 c6 2. d4 d5 3. e5 Bf5 4. Nf3 e6 5. Be2 c5 6. O-O Nc6 7. Nc3 cxd4 8. Nxd4 Nxd4 9. Qxd4 Ne7 10. Qa4+ Nc6 11. Be3 Be7 12. Rfd1 O-O 13. Rac1 Nxe5 14. Nxd5 exd5 15. Qf4 Be4 16. Qxe5 Bf6 17. Qg3 Bxb2 18. Bd4 Bxd4 19. Rxd4 Qf6 20. c3 Rac8 21. Rcd1 Rfe8 22. h3 b6 23. Bf1 h6 24. Bb5 Re7 25. c4 dxc4 26. Bxc4 Bc2 27. R1d2 Bg6 28. Kh2 Kh7 29. Bb3 Rec7 30. Rf4 Qe7 31. Qg4 Qg5 32. Qxg5 hxg5 33. Rfd4 f6 34. Rd7 Bf5 35. Rxc7 Rxc7 36. Kg3 Rc3+ 37. Kh2 a5 38. Rd8 Rd3 39. Rb8 Rd6 40. g4 Be4 41. Kg3 Rd3+ 42. Kh2 Rf3 43. Kg1 Rxh3 44. Bg8+ Kg6 45. Rxb6 Rh1# 0-1

[Event "*** SCC Grand Prix: Titled Tuesday Blitz"]
[Site "Chess.com"]
[Date "2020.06.23"]
[Round "5"]
[White "CalinGheorghiu"]
[Black "Semetey"]
[Result "0-1"]
[WhiteElo "2374"]
[BlackElo "2535"]
[TimeControl "180+1"]
[EndTime "10:56:45 PDT"]
[Termination "Semetey won by resignation"]

1. d4 g6 2. c4 Bg7 3. e4 d6 4.
Nc3 e5 5. Nge2 Bd7 6. Be3 Nc6 7. Qd2 exd4 8. Nxd4 Nf6 9. f3 O-O 10. Be2 Re8 11.
O-O-O a6 12. g4 Nxd4 13. Bxd4 Be6 14. h4 b5 15. Nd5 bxc4 16. Bxc4 c5 17. Bc3 Nxd5 18.
Bxd5 Bxc3 19. Qxc3 Bxd5 20. Rxd5 Qe7 21. h5 Rab8 22.
hxg6 fxg6 23. e5 dxe5 24. Rxc5 Rb7 25. Rc6 Qf7 26. Kb1 e4 27. fxe4 Rxe4 28. Rc8+ Re8 29. Rxe8+ Qxe8 30. Re1 Qf7 31. Qc8+ Kg7 32. g5 Rc7 33. Qxa6 Qf5+ 34. Ka1 Qxg5 35. Qd6 Rc1+ 0-1

[Event "*** SCC Grand Prix: Titled Tuesday Blitz"]
[Site "Chess.com"]
[Date "2020.06.23"]
[Round "5"]
[White "Fh2411"]
[Black "ElusiveCat"]
[Result "1-0"]
[WhiteElo "2522"]
[BlackElo "2348"]
[TimeControl "180+1"]
[EndTime "10:56:45 PDT"]
[Termination "Fh2411 won on time"]

1. d4 Nf6 2. Nf3 e6 3. Bf4 c5 4. e3 Qb6 5. Na3 d5 6. Nb5 Na6 7. c3 Be7 8. a4 O-O 9. Be2 Ne4 10. O-O Qd8 11. h3 Bd7 12. Ne5 Bxb5 13. axb5 Nc7 14. f3 Nd6 15. dxc5 Ndxb5 16. c6 bxc6 17. Nxc6 Qd7 18.
Nxe7+ Qxe7 19. Qa4 a6 20. e4 dxe4 21. Qxe4 Nd5 22.
Bg3 Nd6 23. Qd4 Nf5 24. Qf2 Nxg3 25. Qxg3 f5 26. f4 Qc7 27. Kh1 Qb6 28. Ra2 a5 29.
Qd3 Rab8 30. Bd1 Nf6 31. Bf3 h6 32. Rfa1 Rfd8 33. Qe2 Rd6 34. Kh2 a4 35. Re1 Qb3 36. Rea1 Qb6 37. Qe5 1-0

[Event "*** SCC Grand Prix: Titled Tuesday Blitz"]
[Site "Chess.com"]
[Date "2020.06.23"]
[Round "5"]
[White "Kavyev_Ruslan"]
[Black "Grandelicious"]
[Result "1/2-1/2"]
[WhiteElo "2555"]
[BlackElo "2781"]
[TimeControl "180+1"]
[EndTime "10:56:47 PDT"]
[Termination "Game drawn by repetition"]

1. d4 d5 2. c4 e6 3. Nf3 a6 4. g3 dxc4 5. Bg2 b5 6. Ne5 c6 7. b3 cxb3 8. axb3 Bb7 9. O-O Bd6 10.
Nc3 Ne7 11. Ne4 O-O 12. Bf4 Bc7 13. Nc5 Ra7 14. Qc2 Ng6 15. Rfd1 Nxf4 16. gxf4 Ba8 17. e3 g6 18. Rdc1 a5 19. Ncd3 Ra6 20. Nc5 Ra7 21.
Ncd3 Bxe5 22. Nxe5 Qe7 23. Qd2 a4 24. bxa4 bxa4 25.
Rc4 a3 26. Rc3 Qb4 27. Nd3 Qe7 28. Qc1 a2 29. Rc2 c5 30. Bxa8 Rxa8 31. Nxc5 Qh4 32. Qd1 Nc6 33. Rcxa2 Rxa2 34. Rxa2 Rb8 35. Ra1 Ne7 36.
Qf3 Nf5 37. Ra8 Rxa8 38. Qxa8+ Kg7 39. Qf3 Qd8 40. Qe4 Qh4 41. Qe5+ Kh6 42. Qe4 Qg4+ 43. Qg2 Qd1+ 44. Qf1 Qg4+ 45. Qg2 Qd1+ 46. Qf1 Qg4+ 47. Qg2 1/2-1/2

[Event "*** SCC Grand Prix: Titled Tuesday Blitz"]
[Site "Chess.com"]
[Date "2020.06.23"]
[Round "5"]
[White "bgfbfbgfbgfgf"]
[Black "reutik"]
[Result "1/2-1/2"]
[WhiteElo "2611"]
[BlackElo "2430"]
[TimeControl "180+1"]
[EndTime "10:56:49 PDT"]
[Termination "Game drawn by repetition"]

1. e4 e5 2. Nf3 Nc6 3. Bb5 Nf6 4. O-O Nxe4 5. Re1 Nd6 6. Nxe5 Nxe5 7. Rxe5+ Be7 8.
Bf1 O-O 9. d4 Bf6 10. Re1 Nf5 11. d5 d6 12. c4 h6 13. Nc3 Bxc3 14. bxc3 Qf6 15. Qc2 b6 16. Bf4 Bd7 17. Bd3 Rfe8 18.
Bd2 a5 19. h3 Nh4 20. Be3 Nf5 21. Bxf5 Qxf5 22. Qd2 Re4 23. Bd4 Rae8 24. f3 Rxe1+ 25. Rxe1 Rxe1+ 26. Qxe1 Kf8 27. h4 f6 28. Qe2 Ba4 29. Qe3 Qb1+ 30. Kh2 Qxa2 31. Bxf6 gxf6 32. Qxh6+ Ke7 33. Qg7+ Kd8 34. Qxf6+ Kc8 35. h5 Bc2 36. Qe6+ Kb7 37. Qe2 a4 38. h6 Qb1 39. Qe8 a3 40.
Qc6+ Kb8 41. Qe8+ Kb7 42. Qc6+ Kb8 43. Qe8+ Kb7 1/2-1/2

[Event "*** SCC Grand Prix: Titled Tuesday Blitz"]
[Site "Chess.com"]
[Date "2020.06.23"]
[Round "5"]
[White "tamarozi99"]
[Black "memer5334"]
[Result "1-0"]
[WhiteElo "2075"]
[BlackElo "2229"]
[TimeControl "180+1"]
[EndTime "10:56:49 PDT"]
[Termination "tamarozi99 won by resignation"]

1. e4 d5 2. exd5 c6 3. dxc6 Nxc6 4. Nf3 e5 5. d3 Bc5 6. Nc3 Nf6 7. Bg5 h6 8. Bxf6 Qxf6 9. Ne4 Qe7 10. Nxc5 Qxc5 11. Be2 Be6 12. Qd2 Nb4 13. c3 Nc6 14. d4 exd4 15.
cxd4 Qb6 16. O-O Rd8 17. Rfd1 O-O 18. Qc3 Ne7 19. Rab1 Nd5 20. Qd2 Bf5 21. Rbc1 Nf6 22. Bd3 Bxd3 23. Qxd3 Qxb2 24. Rb1 Qxa2 25. Rxb7 a5 26.
Ra7 Rd5 27. h3 Rfd8 28. Qc3 Ne4 29. Qe3 f5 30. Rf1 a4 31. Ne5 Rxd4 32. Nc6 Rd3 33. Qf4 Rd1 34. Nxd8 Rxf1+ 35. Kxf1 Qb1+ 36. Ke2 Qc2+ 37. Ke1 Qc3+ 38. Ke2 Qb2+ 39. Ke1 Qc1+ 40. Qxc1 1-0

[Event "*** SCC Grand Prix: Titled Tuesday Blitz"]
[Site "Chess.com"]
[Date "2020.06.23"]
[Round "5"]
[White "Korchmar_Vasiliy"]
[Black "BogdanDeac"]
[Result "0-1"]
[WhiteElo "2604"]
[BlackElo "2825"]
[TimeControl "180+1"]
[EndTime "10:56:50 PDT"]
[Termination "BogdanDeac won by resignation"]

1. d4 Nf6 2. c4 e6 3. g3 d5 4.
Bg2 Be7 5. Nf3 O-O 6. O-O dxc4 7. Ne5 Nc6 8. Bxc6 bxc6 9. Nxc6 Qe8 10. Nxe7+ Qxe7 11. Qc2 c5 12. Qxc4 cxd4 13. Qxd4 e5 14. Qh4 h6 15. Nc3 Qe6 16. e4 Rb8 17. f3 Ba6 18.
Re1 Rfd8 19. g4 Qb6+ 20. Qf2 Qb7 21. b3 Rbc8 22. Bb2 Rd3 23. Rac1 Nh7 24. Nd5 Rxc1 25. Bxc1 Nf8 26. Be3 Ne6 27. Rc1 Qb5 28. h4 Bb7 29.
Ne7+ Kh7 30. g5 Qb4 31. Qg3 Qxe7 32. Re1 Qb4 33. Bf2 hxg5 34. hxg5 Nf4 35. Qh4+ Kg8 36. Rc1 Ne2+ 0-1

[Event "*** SCC Grand Prix: Titled Tuesday Blitz"]
[Site "Chess.com"]
[Date "2020.06.23"]
[Round "5"]
[White "Fandorine"]
[Black "Gurvich_Vitaly"]
[Result "1-0"]
[WhiteElo "2886"]
[BlackElo "2549"]
[TimeControl "180+1"]
[EndTime "10:56:50 PDT"]
[Termination "Fandorine won by resignation"]

1. e4 c5 2. Nf3 Nc6 3. Bb5 g6 4.
O-O Bg7 5. c3 e5 6. d4 exd4 7.
cxd4 cxd4 8. Bf4 Nge7 9. Bd6 O-O 10. Nbd2 a6 11. Bc4 Re8 12. Bxf7+ Kxf7 13. Ng5+ Kg8 14. Qb3+ Nd5 15. Qxd5+ Re6 16. Bg3 Qe8 17. Nxe6 dxe6 18.
Qb3 b5 19. Rac1 Bd7 20. a3 h6 21. Rfe1 Kh7 22. e5 Qb8 23. Ne4 Nxe5 24. Rc5 Qh8 25. Bxe5 Bxe5 26. Ng5+ hxg5 27. Rcxe5 Rc8 28. Qd1 Qf6 29.
Qxd4 Rc7 30. Qd2 g4 31. R5e4 e5 32. Rxe5 Bf5 33. Qe3 Rf7 34. Re7 Kg8 35. Rxf7 Kxf7 36.
Qe8+ Kg7 37. Qe7+ Qxe7 38. Rxe7+ Kf6 39. Ra7 1-0

[Event "*** SCC Grand Prix: Titled Tuesday Blitz"]
[Site "Chess.com"]
[Date "2020.06.23"]
[Round "5"]
[White "chigorin28"]
[Black "volcanoexplorer"]
[Result "0-1"]
[WhiteElo "2418"]
[BlackElo "2605"]
[TimeControl "180+1"]
[EndTime "10:56:50 PDT"]
[Termination "volcanoexplorer won by checkmate"]

1. e4 e5 2. Bc4 Nf6 3. d3 c6 4.
Nf3 d5 5. Bb3 a5 6. a3 Bd6 7.
O-O a4 8. Ba2 O-O 9. Nc3 dxe4 10. dxe4 h6 11. h3 Qe7 12. Be3 Na6 13. Nxa4 Nxe4 14.
Nb6 Rb8 15. Re1 Nf6 16. Nc4 Bc7 17. Ba7 Ra8 18. Nfxe5 Rxa7 19. Nxc6 Qc5 20. Nxa7 Qxa7 21. b4 Be6 22. Qf3 Nb8 23. Bb3 Nc6 24. c3 Bd5 25.
Qe2 Qb8 26. Nd2 Rd8 27. Bxd5 Nxd5 28. Qf3 Nf4 29. c4 Nd4 30. Qe4 Qc8 31. Nf3 Nxh3+ 32.
gxh3 Qxh3 33. Nxd4 Bh2+ 34. Kh1 Bg3+ 35. Kg1 Qh2+ 36.
Kf1 Qxf2# 0-1

[Event "*** SCC Grand Prix: Titled Tuesday Blitz"]
[Site "Chess.com"]
[Date "2020.06.23"]
[Round "5"]
[White "Grieve72"]
[Black "2346PL"]
[Result "1-0"]
[WhiteElo "2249"]
[BlackElo "2435"]
[TimeControl "180+1"]
[EndTime "10:56:50 PDT"]
[Termination "Grieve72 won by checkmate"]

1. d4 f5 2. Bg5 h6 3. Bh4 g5 4. e4 Bg7 5. Bg3 f4 6. Bxf4 gxf4 7. Qh5+ Kf8 8. Qf5+ Nf6 9. e5 d6 10. Qxf4 dxe5 11.
dxe5 Nc6 12. Nf3 Be6 13. Nc3 h5 14. Ng5 Bg8 15. Rd1 Qe8 16. Be2 Qg6 17. Bd3 Qh6 18.
O-O Ke8 19. exf6 Bxf6 20. Nb5 Rc8 21. Qf5 Qxg5 22. Qxc8+ Kf7 23. Nxc7 Kg7 24. Ne8+ Kh6 25. Nxf6 exf6 26. Qf5 Qg7 27. Qf4+ Qg5 28. Qxg5+ Kxg5 29. Rfe1 a5 30. a3 Bf7 31. Be4 Ne5 32. Bxb7 Rb8 33. Bd5 Bg6 34. g3 Kh6 35. f4 Ng4 36.
Be4 f5 37. Bd3 Rxb2 38. Re6 h4 39. Bxf5 hxg3 40. Rxg6+ Kh5 41. Rg5+ Kh6 42. Rxg4 gxh2+ 43. Kxh2 Ra2 44. Rg2 Rxa3 45. Rd6+ Kh5 46. Rg5+ Kh4 47.
Rh6# 1-0

[Event "*** SCC Grand Prix: Titled Tuesday Blitz"]
[Site "Chess.com"]
[Date "2020.06.23"]
[Round "5"]
[White "davigator"]
[Black "zurzan"]
[Result "1-0"]
[WhiteElo "2305"]
[BlackElo "1935"]
[TimeControl "180+1"]
[EndTime "10:56:50 PDT"]
[Termination "davigator won by resignation"]

1. e4 Nf6 2. e5 Nd5 3. d4 d6 4. c4 Nb6 5. f4 dxe5 6. fxe5 Nc6 7. Be3 Bf5 8. Nc3 e6 9. Qd2 Be7 10. Be2 O-O 11. Nf3 f6 12. exf6 Bxf6 13. O-O Bg4 14.
Rad1 Qe8 15. Nb5 Rc8 16. d5 exd5 17. cxd5 Ne7 18. Nxa7 Nexd5 19. Bc5 Rd8 20. Bxf8 Qxf8 21. Qc1 Qe7 22. Rfe1 Qb4 23. b3 c6 24. Bc4 Qa5 25.
Nxc6 bxc6 26. a4 Nxc4 27. bxc4 Nc3 28. Rxd8+ Qxd8 29. Qc2 Qb6+ 30. Kh1 g6 31. h3 Bf5 32. Qd2 Ne4 33. Qe3 Qxe3 34. Rxe3 Kf7 35. a5 Bc8 36. Rxe4 Ba6 37. c5 Be7 38. Ne5+ Ke6 39. Nxc6+ Kd5 40. Rxe7 Kxc6 41. Rxh7 Kxc5 42. Rg7 Bd3 43.
a6 Bxa6 44. Rxg6 Bb7 45. h4 1-0

[Event "*** SCC Grand Prix: Titled Tuesday Blitz"]
[Site "Chess.com"]
[Date "2020.06.23"]
[Round "5"]
[White "PowerThinking2650"]
[Black "HunterBRR"]
[Result "1-0"]
[WhiteElo "2319"]
[BlackElo "2087"]
[TimeControl "180+1"]
[EndTime "10:56:50 PDT"]
[Termination "PowerThinking2650 won on time"]

1. e4 c5 2. Nf3 Nc6 3. d4 cxd4 4. Nxd4 Nf6 5. Nc3 e5 6. Ndb5 d6 7. Bg5 a6 8. Na3 b5 9. Nd5 Be7 10. Bxf6 Bxf6 11. c3 O-O 12. Nc2 Rb8 13. h4 Be6 14. b4 Be7 15. a4 Qd7 16. axb5 axb5 17. Nce3 Rfc8 18. Bd3 Bd8 19. g3 Ne7 20. h5 h6 21.
Ra3 Bxd5 22. Nxd5 Nxd5 23. exd5 f5 24. g4 e4 25. Bc2 Bf6 26. Rh3 fxg4 27. Rg3 Ra8 28.
Rxa8 Rxa8 29. Kf1 Rc8 30. Bxe4 Rxc3 31. Rxc3 Bxc3 32. Qd3 Bxb4 33. Bf5 Qe7 34. Be6+ Kh8 35. Qxb5 g6 36. Qxb4 gxh5 37. Qd4+ 1-0

[Event "*** SCC Grand Prix: Titled Tuesday Blitz"]
[Site "Chess.com"]
[Date "2020.06.23"]
[Round "5"]
[White "ChronicUnhappiness"]
[Black "Gahan-MG"]
[Result "1-0"]
[WhiteElo "2366"]
[BlackElo "2496"]
[TimeControl "180+1"]
[EndTime "10:56:51 PDT"]
[Termination "ChronicUnhappiness won by resignation"]

1. c4 Nf6 2. Nc3 d5 3. cxd5 Nxd5 4. Nf3 g6 5. g3 Bg7 6. Bg2 O-O 7. O-O Nb6 8. d3 Nc6 9. Bd2 Bg4 10. Rb1 Qd7 11. b4 Rad8 12. b5 Nb8 13. Qb3 Bh3 14. Bxh3 Qxh3 15.
Rfc1 N8d7 16. Ne4 Rc8 17. a4 Ne5 18. Nxe5 Bxe5 19. a5 Nd7 20. Nc5 Nf6 21. f3 b6 22. Ne4 Nxe4 23. dxe4 h5 24. Bc3 Bxc3 25. Rxc3 h4 26. g4 Rfd8 27. Rd3 bxa5 28. Rbd1 Rd6 29. e5 Re6 30. Rd8+ Rxd8 31. Rxd8+ Kg7 32. Qd5 a4 33. Ra8 a6 34. Rxa6 a3 35. Rxe6 a2 36. Qxa2 fxe6 37.
Qxe6 Kh6 38. Qxe7 g5 39. Qf6+ Kh7 40. e6 c5 41. e7 1-0